 Dungeon Crawl Stone Soup version 0.21-a0-26-g7b23a2f (webtiles) character file.

136 lauthentik the Chopper (level 5, -4/47 HPs)
             Began as a Hill Orc Monk on May 25, 2017.
             Killed from afar by Ijyb (5 damage)
             ... with a wand of acid (?/15)
             ... on level 3 of the Dungeon.
             The game lasted 00:07:39 (1638 turns).

lauthentik the Chopper (Hill Orc Monk)              Turns: 1638, Time: 00:07:39

Health: -4/47      AC:  2    Str: 15    XL:     5   Next: 19%
Magic:  5/5        EV: 11    Int: 10    God:
Gold:   141        SH:  0    Dex: 13    Spells: 4/4 levels left

rFire    . . .     SeeInvis .   a - +0 hand axe
rCold    . . .     Gourm    .   (no shield)
rNeg     . . .     Faith    .   f - +0 ring mail (curse)
rPois    .         Spirit   .   s - +0 helmet (curse)
rElec    .         Reflect  .   (no cloak)
rCorr    .         Harm     .   (no gloves)
MR       .....                  (no boots)
Stlth    +.........             (no amulet)
Regen    0.2/turn               (no ring)
MPRegen  0.1/turn               (no ring)

@: corroded, drained
A: no striking features
a: no special abilities


You were on level 3 of the Dungeon.
You were not hungry.

You visited 1 branch of the dungeon, and saw 3 of its levels.

You collected 141 gold pieces.

Inventory:

Hand Weapons
 a - a +0 hand axe (weapon)
Missiles
 o - 6 tomahawks (quivered)
Armour
 b - a +0 robe
 f - a cursed +0 ring mail (worn)
 s - a cursed +0 helmet (worn)
Jewellery
 h - an uncursed ring of positive energy {unknown}
Scrolls
 d - a scroll of teleportation {unknown}
 e - a scroll of enchant armour {unknown}
 j - a scroll of blinking {unknown}
 l - 2 scrolls of remove curse {unknown}
 m - a scroll of amnesia {unknown}
 p - 2 scrolls of fog {unknown}
Potions
 k - a potion of curing {unknown}
 n - a potion of heal wounds {unknown}
 q - a potion of berserk rage {unknown}
 r - a potion of mutation {unknown}
Comestibles
 c - 3 bread rations
 g - 2 meat rations
 i - 5 chunks of flesh


   Skills:
 + Level 4.5(4.2) Fighting
 + Level 5.7(5.4) Axes
 + Level 1.3(1.0) Armour
 + Level 2.9(2.7) Dodging
 + Level 2.0(1.7) Stealth


You had 4 spell levels left.
You didn't know any spells.

Dungeon Overview and Level Annotations

Branches:
Dungeon (3/15)

Altars:
Ru

Annotations:
D:3 DEFE's ghost, amateur DECK; Ijyb; Robin


Message History

Ijyb hits you but does no damage.
You hit Ijyb.
Ijyb is moderately wounded.
Ijyb zaps a wand.
The bolt of acid misses you.
It is a wand of acid (?/15).
You barely miss Ijyb.
Ijyb is moderately wounded.
Ijyb screams, "Me stronger than you!" Ijyb hits you but does no damage.
You barely miss Ijyb.
Ijyb is moderately wounded.
You hit the ball python.
You kill the ball python!
Ijyb zaps a wand.
The bolt of acid hits you!
* * * LOW HITPOINT WARNING * * *
The acid corrodes you!
You are splashed with acid!
The acid burns!
* * * LOW HITPOINT WARNING * * *
You hit Ijyb but do no damage.
Ijyb is moderately wounded.
Ijyb zaps a wand.
The bolt of acid hits you!
You die...

#....####†.##..... #
#.##.# ###........... #
#.#[[###....#........ #
##.#)#(...#)..........
###..(.#.(.(###.........
##....##.(..##..........
#...####....[...........
...## #..(.#.#.........
.W## ##....#...@g......
..### #.......##.†......
........####..##........
#...#### #.####.......
##...< ..# #...... .....
#.## ...... ##### ..
..#.## ... .##.# # .##


You could see Ijyb.

Vanquished Creatures
  Terence (D:3)
  3 adders
  A dart slug (D:1)
  3 leopard geckos
  2 orcs (D:3)
  5 bats
  2 giant cockroaches
  13 goblins
  5 hobgoblins
  14 jackals
  A ball python (D:3)
  5 frilled lizards
  8 kobolds
  6 rats
69 creatures vanquished.

Notes
Turn   | Place    | Note
-------+----------+-------------------------------------------
     0 | D:1      | lauthentik the Hill Orc Monk began the quest for the Orb.
     0 | D:1      | Reached XP level 1. HP: 19/19 MP: 1/1
   199 | D:1      | Reached XP level 2. HP: 17/27 MP: 2/2
   676 | D:2      | Reached XP level 3. HP: 16/33 MP: 3/3
   731 | D:2      | Found a sacrificial altar of Ru.
  1121 | D:2      | Reached XP level 4. HP: 30/40 MP: 4/4
  1286 | D:3      | Noticed Robin
  1292 | D:3      | Noticed DEFE's ghost (amateur DECK)
  1307 | D:2      | Reached skill level 5 in Axes
  1476 | D:3      | Noticed Terence
  1484 | D:3      | Reached skill level 1 in Armour
  1509 | D:3      | Killed Terence
  1509 | D:3      | Reached XP level 5. HP: 14/47 MP: 5/5
  1629 | D:3      | Noticed Ijyb
  1637 | D:3      | HP: 1/47 [acid (11)]
  1638 | D:3      | Killed from afar by Ijyb

Vault maps used:
D:1:      scummos_arrival_simple_crosswalls
D:2:      nicolae_ru_the_path_less_chosen, first_bread
D:3:      trog_hazing_becter, uniq_ijyb, uniq_robin, uniq_terence

Skill      XL: |  1  2  3  4 |
---------------+-------------+-----
Fighting       | 4 |  4.5
Axes           | 5 |  5.7
Stealth        | 2 |  2.0
Armour         | 1 |  1.3
Dodging        | |  2.9

Action                   |  1- 3 |  4- 6 || total
-------------------------+-------+-------++-------
Melee: Hand axe          |    94 |   144 ||   238
Throw: Tomahawk          |     1 |       ||     1
 Stab: Sleeping          |     3 |       ||     3
  Eat: Chunk             |     1 |     2 ||     3
Armor: Robe              |     8 |       ||     8
       Ring mail         |    29 |    68 ||    97
Dodge: Dodged            |    70 |   113 ||   183
